 Dungeon Crawl Stone Soup version 0.30.1-11-g7821555f0a (webtiles) character file.

Game seed: 15956122169203953160

1601391 JumbleTraveling the Slayer (level 26, 162/186 HPs)
             Began as a Gargoyle Berserker on Dec 9, 2023.
             Was a High Priest of Trog.
             Escaped with the Orb
             ... and 3 runes!
             The game lasted 07:25:38 (71291 turns).

JumbleTraveling the Slayer (Gargoyle Berserker)    Turns: 71291, Time: 07:25:39

Health: 162/186    AC: 76    Str: 33    XL:     26   Next: 36%
Magic:  20/23      EV: 14    Int: 17    God:    Trog [*****.]
Gold:   1511       SH:  0    Dex: 14    Spells: 25/25 levels left

rFire   + + +        l - +7 great mace "Firestarter" {flame, immolate, rFlCloud rF++}
rCold   + . .        (shield currently unavailable)
rNeg    + + .        N - +9 crystal plate armour
rPois   ∞            v - +2 hood of the Assassin {Detect Stab+ Stlth++}
rElec   +            i - +4 cloak of the Sacrificial Victim {Will+ Dex+3}
rCorr   +            m - +4 pair of gloves of Zaerupuo {rPois Int+8 Stlth-}
SInv    .            u - +2 pair of boots {Fly}
Will    +++++        M - amulet of Xom's Ringing Laughter {Spirit rPois rF+++ rCorr Stlth+} Stlth
                     F - ring of protection from cold
HPRegen 0.51/turn    x - ring "Pulutus" {rElec rN+ Will+++ Str+5 Dex-2}
MPRegen 0.18/turn

%: guardian spirit
@: flying
A: sickness immunity, AC +20, big wings, negative energy resistance 1,
electricity resistance, torment resistance 1, petrification resistance, mutation
resistance 1, no potion heal 1, subdued magic 1
0: Orb of Zot
}: 3/15 runes: decaying, silver, gossamer
a: Renounce Religion, Berserk, Trog's Hand, Brothers in Arms


You escaped.
You worshipped Trog.
Trog was extremely pleased with you.
You visited 9 branches of the dungeon, and saw 47 of its levels.
You visited the Abyss 1 time.
You visited 1 bazaar.
You also visited: Trove, Ossuary, Ice Cave and Desolation.

You collected 6731 gold pieces.
You spent 5220 gold pieces at shops.

Inventory:

Hand Weapons
 l - the +7 great mace "Firestarter" (weapon) {flame, immolate, rFlCloud rF++}
   (You took it off a yaktaur captain on level 5 of the Vaults)

   rFlCloud:  It grants immunity to clouds of flame.
   rF:        It greatly protects you from fire.
 G - the +5 demon whip "Spellbinder" {antimagic, disrupt, Will+}
   (You found it on level 5 of the Vaults)

   Will:      It increases your willpower.
Armour
 i - the +4 cloak of the Sacrificial Victim (worn) {Will+ Dex+3}
   (You acquired it on level 6 of the Dungeon)

   Dex:       It affects your dexterity (+3).
   Will:      It increases your willpower.
 m - the +4 pair of gloves of Zaerupuo (worn) {rPois Int+8 Stlth-}
   (You bought it in a shop in a bazaar)

   Int:       It affects your intelligence (+8).
   rPois:     It protects you from poison.
   Stlth:     It makes you less stealthy.
 u - a +2 pair of boots of flying (worn)
 v - the +2 hood of the Assassin (worn) {Detect Stab+ Stlth++}
   (You found it in the Desolation of Salt)

   Detect:    It allows the wearer to sense nearby creatures.
   Stab+:     It allows the wearer to make particularly effective stabbing
   attacks against helpless or unaware enemies with any weapon.
   Stlth:     It makes you much more stealthy.
 N - a +9 crystal plate armour (worn)
Jewellery
 b - a +5 ring of evasion
 x - the ring "Pulutus" (right hand) {rElec rN+ Will+++ Str+5 Dex-2}
   (You bought it in a shop on level 3 of the Depths)

   [ring of positive energy]

   Str:       It affects your strength (+5).
   Dex:       It affects your dexterity (-2).
   rElec:     It insulates you from electricity.
   rN:        It protects you from negative energy.
   Will:      It greatly increases your willpower.
 F - a ring of protection from cold (left hand)
 L - the ring of Qoufetuu {Will+ Slay+2 SInv}
   (You found it in a treasure trove)

   [ring of see invisible]

   Slay:      It affects your accuracy & damage with ranged weapons and melee
   (+2).
   SInv:      It lets you see invisible.
   Will:      It increases your willpower.
 M - the amulet of Xom's Ringing Laughter (around neck) {Spirit rPois rF+++ rCorr Stlth+}
   (You acquired it on level 5 of the Vaults)

   [amulet of guardian spirit]

   It causes incoming damage to be divided between your reserves of health and
   magic.
   rF:        It renders you almost immune to fire.
   rPois:     It protects you from poison.
   rCorr:     It protects you from acid and corrosion.
   Stlth:     It makes you more stealthy.
 P - the ring of Kitzuc {rCorr MP+9 AC+4}
   (You found it in a treasure trove)

   [ring of protection]

   AC:        It affects your AC (+4).
   MP:        It affects your magic capacity (+9).
   rCorr:     It protects you from acid and corrosion.
 X - the amulet of Juvuapto {Reflect rF+ Dex+3 SH+5}
   (You acquired it on level 4 of the Lair of Beasts)

   [amulet of reflection]

   It reflects blocked missile attacks.
   Dex:       It affects your dexterity (+3).
   rF:        It protects you from fire.
   SH:        It affects your SH (+5).
 Z - the ring "Ifoehys" {Fire rN+ rCorr Str+2}
   (You took it off a deep elf annihilator on level 3 of the Elven Halls)

   [ring of fire]

   It enhances your fire magic.
   Str:       It affects your strength (+2).
   rF:        It protects you from fire.
   rC:        It makes you vulnerable to cold.
   rN:        It protects you from negative energy.
   rCorr:     It protects you from acid and corrosion.
Wands
 o - a wand of digging (24)
 p - a wand of iceblast (51)
 r - a wand of mindburst (70)
 A - a wand of paralysis (51)
 S - a wand of polymorph (18)
 T - a wand of quicksilver (77)
Scrolls
 c - 11 scrolls of teleportation
 d - 13 scrolls of poison
 e - a scroll of magic mapping
 h - 10 scrolls of enchant weapon
 t - a scroll of blinking
 w - 3 scrolls of silence
 z - 4 scrolls of fog
 B - 2 scrolls of vulnerability
 I - 6 scrolls of fear
 K - 2 scrolls of torment
 O - 12 scrolls of immolation
 R - a scroll of enchant armour
 V - a scroll of summoning
Potions
 a - 5 potions of ambrosia
 f - 3 potions of invisibility
 j - 28 potions of curing
 k - 14 potions of attraction
 n - 3 potions of cancellation
 q - 12 potions of lignification
 y - 5 potions of mutation
 C - 3 potions of haste
 D - 10 potions of heal wounds
 J - 3 potions of might
 Q - 5 potions of berserk rage
 U - a potion of magic
 Y - 2 potions of resistance
Miscellaneous
 g - a lightning rod (4/4)
 s - a piece from Xom's chessboard (15/15)
 E - a phantom mirror (inert)
 H - a tin of tremorstones (2/2)
 W - a phial of floods


   Skills:
 + Level 24.4 Fighting
 - Level 21.0 Maces & Flails
 - Level 10.4 Throwing
 + Level 24.0 Armour
 + Level 15.2 Dodging
 - Level 11.0 Stealth
 - Level 18.2 Evocations


You had 25 spell levels left.
You didn't know any spells.
Your spell library was empty.

Dungeon Overview and Level Annotations

Branches:
Dungeon (15/15)            Temple (0/1) D:6            Lair (5/5) D:10
  Swamp (4/4) Lair:2       Spider (4/4) Lair:2        Slime (0/5) Lair:5
    Orc (2/2) D:12            Elf (3/3) Orc:2        Vaults (5/5) D:14
  Crypt (0/3) Vaults:2     Depths (4/4) D:15            Zot (5/5) Depths:4
Ossuary (visited)           IceCv (visited)         Desolation (visited)

Altars:
Ashenzari
Fedhas
Qazlal
Sif Muna
Wu Jian
Zin
Jiyva
Lugonu

Shops:
D:13 !   D:14 =   Orc:2 [*=(   Elf:1 ?*   Elf:3 !:   Vaults:3 (   Vaults:4 (
Depths:2 (!*?   Depths:3 *=[

Portals:
Hell: Depths:1 Depths:2 Depths:3 Depths:4
Abyss: D:14 Lair:5 Depths:3
Pandemonium: Depths:2 Depths:4
Ziggurat: Depths:3

Annotations:
D:11 2 runed translucent doors
D:14 2 transporters, Roxanne; Uqorphet's ghost, journeyman DECj
Lair:5 exclusion: 3 oklob plants
Vaults:3 2 transporters, exclusion: obsidian statue
Depths:1 3 runed translucent doors, Himmaryad's ghost, adept TrMo; Kabe's ghost, veteran BaIE; Lemeg's ghost, adept TrMo
Depths:2 2 runed translucent doors
Zot:5 2 exclusions


Innate Abilities, Weirdness & Mutations

You are immune to sickness and miasma.
Your stone body is resilient. (AC +20)
You are immune to poison.
Your large and strong wings let you fly.
You resist negative energy. (rN+)
You are resistant to electric shocks. (rElec)
You are resistant to unholy torment.
You are immune to petrification.
You are somewhat resistant to further mutation.
Potions are less effective at restoring your health.
Your spells are a little easier to cast, but a little less powerful.


Message History

The kobold attacks as you move away! The kobold hits you but does no damage.
A quokka comes into view.
The quokka barely misses you. The kobold attacks as you move away!
The kobold hits you but does no damage. The kobold attacks as you move away!
The kobold hits you but does no damage. The quokka attacks as you move away!
The quokka bites you but does no damage.
The quokka bites you but does no damage.
The kobold attacks as you move away! The kobold hits you but does no damage.
The kobold attacks as you move away! The kobold misses you.
A frilled lizard comes into view.
The frilled lizard hisses angrily.
The quokka attacks as you move away!
The quokka bites you but does no damage.
The kobold attacks as you move away! The kobold hits you but does no damage.
A reaper comes into view. It is wielding a +1 scythe of venom.
There is a stone staircase leading up here.
The quokka bites you but does no damage.
The kobold misses you. The quokka closely misses you.
You fly upwards.
There is a stone staircase leading down here.
The kobold attacks as you move away! The kobold hits you but does no damage.
The kobold attacks as you move away! The kobold hits you but does no damage.
The quokka barely misses you. The kobold attacks as you move away!
The kobold barely misses you.
You pound the quokka like an anvil!!! You burn the quokka.
You kill the quokka!
Trog accepts your kill. The kobold barely misses you.
You hit the kobold. You burn the kobold.
You kill the kobold!
Trog accepts your kill.
A hellion comes into view.
You can't go down here!
You can't go up here!
There is a staircase leading out of the dungeon here.
You can't go down here!
The hellion gestures at you.
The sphere of damnation explodes!
The damnation engulfs you!!
You have escaped!

##### #..................# #.##
....# #..................# #...
###.# #......###.........# ####.
###.# #.....#.2.###......# #....
....# #....#.......#.....####'#..
#######...#.........#....#.......
#.......#.........#....#.......
#.#####.#..........#...#......(
#.####.#......@....#...#.......
#....#.#......#....#...#.......
####.#.#......#....#...#.......
#.#.#.......#..#....#.......
#.#.#.....#....#....#.......
#.#.#......#..#.(...#.......
#.#.#.......##......########
#####.#.#...............# #
#.....#..#...........(..# #


You could see a hellion.

Vanquished Creatures
  5 dread liches
  2 ancient liches
  2 orbs of fire (Zot:5)
  A royal mummy (Depths:3)
  Sojobo (Vaults:4)
  8 Killer Klowns
  Nikola (Spider:1)
  6 golden dragons
  2 bone dragons
  A Brimstone Fiend (D:8)
  Arachne (Spider:3)
  An electric golem (Zot:5)
  A Hell Sentinel (Zot:1)
  24 Orb Guardians
  2 liches
  9 tentacled monstrosities
  Jorgrun (D:13)
  4 titans (Vaults:5)
  6 quicksilver dragons
  A deep elf master archer (Elf:3)
  3 deep elf blademasters
  2 sphinxes (Vaults:4)
  8 death cobs
  The ghost of Exa Ohi the Eclecticist, an adept DjCj of Ashenzari (Swamp:1)
  3 thorn hunters
  Frances (Spider:1)
  7 shadow dragons
  Kirke (D:13)
  3 draconian monks
  13 storm dragons
  8 tengu reavers
  A fenstrider witch (Swamp:3)
  5 fire giants
  7 frost giants
  5 emperor scorpions
  3 draconian knights
  Louise (Spider:3)
  2 draconian scorchers
  An imperial myrmidon (Desolation)
  6 deep elf sorcerers (Elf:3)
  4 orc warlords
  Aizul (Spider:3)
  3 deep elf elementalists
  20 vault wardens
  2 draconian shifters
  A spectral juggernaut (Depths:3)
  4 broodmothers (Spider:4)
  An angel (Zot:1)
  2 ghost moths
  26 very ugly things
  A ghoul (Vaults:2)
  5 draconian stormcallers
  3 spriggan defenders (Depths:3)
  8 ironbound thunderhulks
  A cacodemon (Depths:4)
  5 war gargoyles
  14 ironbound preservers
  11 stone giants
  4 draconian annihilators
  6 grey draconians
  4 green draconians
  A vampire knight (Depths:1)
  6 eleionomae
  Nessos (Orc:2)
  11 deep elf annihilators
  2 bunyips (Swamp:3)
  5 black draconians
  8 white draconians
  8 deep elf demonologists
  11 red draconians
  Azrael (Orc:2)
  5 purple draconians
  Snorg (D:12)
  A dire elephant (Vaults:3)
  2 eidola (Vaults:2)
  6 yellow draconians
  3 halazid warlocks (Desolation)
  3 spark wasps
  A great orb of eyes (Vaults:2)
  3 crystal guardians
  8 deep elf death magi
  7 fire dragons
  4 mummy priests (Depths:3)
  Josephine (Lair:5)
  8 deep elf high priests
  10 ettins
  8 ragged hierophants (Desolation)
  4 entropy weavers
  Harold (D:9)
  7 servants of whispers (Desolation)
  11 yaktaur captains
  2 shambling mangroves
  3 spectral tengu (Depths:3)
  4 spriggan air magi
  3 ogre magi
  14 ice dragons
  34 vault guards
  4 ghost crabs
  12 ironbound frosthearts
  7 centaur warriors
  5 radroaches
  A catoblepas (Lair:4)
  17 hydras
  3 spectral fire giants (Depths:3)
  9 peacekeepers
  A hydra (shapeshifter) (Vaults:4)
  An anaconda (Swamp:4)
  A spectral sphinx (Depths:3)
  3 jorogumos
  21 dancing weapons
  5 boulder beetles
  13 two-headed ogres
  3 spectral frost giants (Depths:3)
  4 deep troll shamans
  2 deep troll earth magi
  6 alligators
  4 spriggan berserkers
  4 tengu warriors
  A soul eater (Vaults:2)
  4 thrashing horrors (Lair:5)
  An orc high priest (Orc:2)
  A vampire mage (Depths:1)
  12 deep elf knights
  7 iron trolls
  Amaemon (D:8)
  A spark wasp zombie (Depths:2)
  A death drake (Swamp:1)
  3 skeletal warriors (D:15)
  A flayed ghost (Vaults:5)
  44 deep trolls
  A sixfirhy (Depths:4)
  9 orb spiders
  7 goliath frogs
  3 spectral spark wasps (Depths:3)
  8 pharaoh ants
  A sun moth (Spider:4)
  15 swamp dragons
  8 spriggan druids
  4 glowing orange brains
  5 bog bodies
  A shadow demon (D:13)
  2 orange crystal statues
  5 harpies
  2 steelbarb worms (Spider:4)
  12 orc knights
  4 deep elf archers
  A tengu zombie (Vaults:3)
  4 wizards
  24 ironbound convokers
  22 deep elf zephyrmancers
  4 phantasmal warriors
  An obsidian statue (Depths:3)
  19 deep elf pyromancers
  9 lindwurms
  3 necromancers
  4 will-o-the-wisps
  A sphinx zombie (Vaults:3)
  4 orc sorcerers (Orc:2)
  A glowing shapeshifter (Vaults:5)
  13 wolf spiders
  9 cyclopes
  A wolf spider (shapeshifter) (Elf:2)
  A moth of wrath (shapeshifter) (Depths:1)
  A stone giant zombie (Depths:1)
  17 elephants
  Joseph (D:9)
  3 manticores
  36 ugly things
  Maurice (Orc:2)
  2 guardian serpents (Desolation)
  20 moths of wrath
  7 black mambas
  6 demonic crawlers
  19 vault sentinels
  4 smoke demons (Lair:5)
  4 molten gargoyles
  8 torpor snails
  A yaktaur zombie (Vaults:3)
  10 cane toads
  A gargoyle (D:12)
  An orange demon (D:9)
  A kobold demonologist (D:10)
  A spriggan zombie (Depths:1)
  A yaktaur (shapeshifter) (D:14)
  2 unseen horrors
  A freezing wraith (Vaults:4)
  A hellion (Zot:3)
  16 rime drakes
  42 yaktaurs
  2 efreet
  2 ice devils (Depths:4)
  A spectral glowing shapeshifter (Depths:3)
  2 ancient zymes (Lair:5)
  9 trolls
  A tengu conjurer (D:14)
  5 komodo dragons
  A red devil (Depths:4)
  8 guardian mummies (Depths:3)
  A meliai (shapeshifter) (Elf:3)
  10 meliai
  18 hornets
  3 hellwings (Depths:4)
  14 polar bears
  A hornet (shapeshifter) (D:14)
  60 saltlings (Desolation)
  A spriggan skeleton (Depths:1)
  13 tyrant leeches
  5 dream sheep (Lair:4)
  19 tarantellas
  24 blink frogs
  33 slime creatures
  19 culicivoras
  33 jumping spiders
  20 spriggans
  2 vampires (D:13)
  A yak (shapeshifter) (D:13)
  A slime creature (shapeshifter) (Vaults:4)
  2 air elementals
  2 wyverns
  5 water elementals
  4 shadows
  An elf simulacrum (Vaults:3)
  A ynoxinul (Lair:5)
  3 steam dragons
  Eustachio (D:4)
  10 wraiths
  6 fire elementals
  32 yaks
  19 vampire mosquitoes
  40 redbacks
  11 small abominations
  9 basilisks
  3 wargs
  4 chaos spawn
  17 swamp worms
  A glowing shapeshifter zombie (Depths:1)
  5 acid dragons
  13 water moccasins
  4 hell hounds (Orc:1)
  7 swamp drakes
  3 ice beasts
  29 orc warriors
  3 sky beasts
  3 black bears
  17 ogres
  8 boggarts
  7 wolves
  6 centaurs
  8 kobold brigands
  2 earth elementals
  An elf zombie (D:7)
  10 bullfrogs
  An elf skeleton (D:7)
  A gnoll sergeant (D:8)
  2 wights (D:8)
  18 killer bees
  2 electric eels
  5 howler monkeys
  A gnoll bouda (D:6)
  2 hounds
  19 orc priests
  4 iguanas
  20 orc wizards
  2 human skeletons (D:7)
  3 mummies (Ossuary)
  6 gnolls
  8 adders
  2 shadow imps
  4 white imps
  An ufetubus (D:6)
  3 worms (D:2)
  57 orcs
  3 bats
  5 endoplasms
  7 giant cockroaches
  A gnoll zombie (Ossuary)
  A goblin (D:4)
  14 hobgoblins
  6 quokkas
  A ball python (D:4)
  A frilled lizard (D:2)
  3 goblin zombies (Ossuary)
  4 hobgoblin zombies (Ossuary)
  22 kobolds
  5 kobold zombies (Ossuary)
  An orc skeleton (D:7)
  An orc zombie (D:7)
  3 rats
1957 creatures vanquished.

Vanquished Creatures (collateral kills)
  Parghit (Zot:4)
  An electric golem (Zot:5)
  2 Orb Guardians (Zot:5)
  A dancing weapon (Elf:2)
  A spriggan (Lair:5)
6 creatures vanquished.

Vanquished Creatures (others)
  An alligator (Swamp:4)
  2 deep elf zephyrmancers (Elf:1)
  A jumping spider (Spider:4)
  A water elemental (Elf:1)
  A howler monkey (D:10)
  An orc priest (Orc:2)
  20 foxfires
27 creatures vanquished.

Grand Total: 1990 creatures vanquished

Notes
Turn   | Place    | Note
-------+----------+-------------------------------------------
     0 | D:1      | JumbleTraveling the Gargoyle Berserker began the quest for
                  | the Orb.
     0 | D:1      | Reached XP level 1. HP: 14/14 MP: 1/1
   132 | D:1      | Reached XP level 2. HP: 19/19 MP: 2/2
   819 | D:2      | Reached XP level 3. HP: 23/24 MP: 3/3
   923 | D:2      | Reached ** piety under Trog
   999 | D:2      | Noticed an ogre
  1014 | D:2      | Killed an ogre
  1015 | D:2      | Reached XP level 4. HP: 27/29 MP: 4/4
  1015 | D:2      | Reached XP level 5. HP: 31/33 MP: 5/5
  1819 | D:4      | Reached XP level 6. HP: 39/39 MP: 6/6
  1975 | D:4      | Noticed Eustachio
  1994 | D:4      | Killed Eustachio
  1995 | D:4      | Reached skill level 5 in Fighting
  2055 | D:4      | Found a blossoming altar of Fedhas.
  2147 | D:4      | Noticed a black bear
  2155 | D:4      | Killed a black bear
  2156 | D:4      | Reached XP level 7. HP: 31/44 MP: 7/7
  2512 | D:4      | Found an ornate altar of the Wu Jian Council.
  2512 | D:4      | Found a glowing silver altar of Zin.
  2576 | D:5      | Entered Level 5 of the Dungeon
  2777 | D:5      | Identified the +2 buckler of Quantum Leap {Int+2}
  2787 | D:5      | Found the +18 Lear's hauberk
  2914 | D:5      | Reached skill level 5 in Maces & Flails
  2958 | D:5      | Reached skill level 5 in Armour
  3325 | D:5      | Reached *** piety under Trog
  3586 | D:6      | Reached XP level 8. HP: 51/51 MP: 8/8
  3664 | D:6      | Found a staircase to the Ecumenical Temple.
  3885 | D:6      | Identified the +10 flail of Triumph {flame, SInv}
  4052 | D:6      | Identified a scroll of acquirement
  4053 | D:6      | Acquired the +4 cloak of the Sacrificial Victim {Will+
                  | Dex+3}
  4522 | D:7      | Found a sand-covered staircase.
  4534 | Ossuary  | Entered an ossuary
  4534 | Ossuary  | Noticed a wraith
  4534 | Ossuary  | Noticed a wraith
  4534 | Ossuary  | Noticed a wraith
  4592 | Ossuary  | Noticed a wraith
  4595 | Ossuary  | Killed a wraith
  4596 | Ossuary  | Reached XP level 9. HP: 56/56 MP: 9/9
  5315 | D:7      | Found a shimmering blue altar of Sif Muna.
  5422 | D:7      | Reached **** piety under Trog
  5774 | D:8      | Noticed an unseen horror
  5799 | D:8      | Killed an unseen horror
  5824 | D:8      | Reached skill level 10 in Maces & Flails
  5841 | D:8      | Reached XP level 10. HP: 61/61 MP: 10/10
  5865 | D:8      | Noticed a cyclops
  5879 | D:8      | Killed a cyclops
  6430 | D:8      | Noticed a two-headed ogre
  6447 | D:8      | Killed a two-headed ogre
  6872 | D:9      | Noticed an orange demon
  6873 | D:9      | Noticed Amaemon
  6911 | D:8      | Reached XP level 11. HP: 66/66 MP: 11/11
  6927 | D:8      | Killed Amaemon
  7109 | D:9      | Noticed Joseph
  7121 | D:9      | Killed Joseph
  7124 | D:9      | Reached ***** piety under Trog
  7203 | D:9      | Identified the +2 robe of Gyzuck {rC+ Str+3}
  7212 | D:9      | Noticed Harold
  7218 | D:9      | Killed Harold
  7447 | D:10     | Entered Level 10 of the Dungeon
  7521 | D:10     | Reached skill level 15 in Maces & Flails
  7546 | D:10     | Found a staircase to the Lair.
  7860 | D:10     | Noticed a two-headed ogre
  7872 | D:10     | Killed a two-headed ogre
  7876 | D:10     | Noticed an orc knight
  7891 | D:10     | Killed an orc knight
  7982 | D:10     | Noticed an ogre mage
  7985 | D:10     | Noticed a boulder beetle
  7987 | D:10     | Killed an ogre mage
  7991 | D:10     | Reached skill level 10 in Fighting
  8006 | D:10     | Reached XP level 12. HP: 69/77 MP: 12/12
  8024 | D:10     | Killed a boulder beetle
  8076 | D:10     | Identified the +5 chain mail of the Evening Star {Str+3}
  8103 | D:10     | Identified the +6 chain mail of Xoxylapt {Dex+4}
  8329 | D:10     | Received a gift from Trog
  8445 | D:11     | Noticed a two-headed ogre
  8449 | D:11     | Killed a two-headed ogre
  8485 | D:11     | Identified the +7 war axe of Zanuh {distort, Fly rF+ rC+
                  | Str-4}
  8704 | D:11     | Found a large runed translucent door.
  8704 | D:11     | Found a large runed translucent door.
  8762 | D:11     | Identified the +1 shortbow "Sehukk" {speed, Str+2 SInv}
  8777 | D:11     | Noticed a fire dragon
  8783 | D:11     | Found a large runed translucent door.
  8783 | D:11     | Found a large runed translucent door.
  9179 | D:12     | Noticed a two-headed ogre
  9323 | D:12     | Noticed a boulder beetle
  9337 | D:12     | Killed a boulder beetle
  9763 | D:12     | Killed a two-headed ogre
  9906 | D:12     | Found a staircase to the Orcish Mines.
 10051 | D:13     | Noticed a centaur warrior
 10056 | D:13     | Killed a centaur warrior
 10057 | D:13     | Reached skill level 15 in Fighting
 10057 | D:13     | Reached XP level 13. HP: 92/92 MP: 13/13
 10141 | Lair:1   | Entered Level 1 of the Lair of Beasts
 10235 | Lair:1   | You fall into a shaft and drop 1 floor!
 10268 | Lair:2   | Reached skill level 1 in Evocations
 11100 | Lair:2   | Found a hole to the Spider Nest.
 11418 | Lair:2   | Reached skill level 5 in Evocations
 11447 | Lair:2   | Found a staircase to the Swamp.
 12493 | Lair:4   | Received a gift from Trog
 12708 | Lair:4   | Found a transporter.
 12876 | Lair:4   | Acquired the amulet of Juvuapto {Reflect rF+ Dex+3 SH+5}
 12926 | Lair:4   | Found a transporter.
 12931 | Lair:4   | Gained mutation: Your large and strong wings let you fly.
                  | [Gargoyle growth]
 12931 | Lair:4   | Reached XP level 14. HP: 81/98 MP: 14/14
 13402 | Lair:4   | Reached skill level 10 in Evocations
 13455 | Lair:5   | Entered Level 5 of the Lair of Beasts
 13978 | Lair:5   | Found a viscous altar of Jiyva.
 13978 | Lair:5   | Found a staircase to the Slime Pits.
 14261 | Lair:5   | Reached ****** piety under Trog
 14263 | Lair:5   | Noticed Josephine
 14285 | Lair:5   | Killed Josephine
 14459 | Lair:5   | Identified the +8 dire flail of the Fray {flame, rC+ Dex+3}
                  | (Trog gifted it to you on level 5 of the Lair of Beasts)
 14459 | Lair:5   | Received a gift from Trog
 14987 | Lair:5   | Found a corrupted altar of Lugonu.
 14987 | Lair:5   | Found a one-way gate to the infinite horrors of the Abyss.
 15232 | Orc:1    | Entered Level 1 of the Orcish Mines
 15658 | Orc:2    | Entered Level 2 of the Orcish Mines
 15658 | Orc:2    | Noticed Maurice
 15727 | Orc:2    | Noticed Azrael
 15971 | Orc:1    | Reached XP level 15. HP: 62/103 MP: 15/15
 16192 | Orc:2    | Killed Azrael
 16267 | Orc:2    | Reached skill level 1 in Stealth
 16272 | Orc:2    | Reached skill level 5 in Dodging
 16288 | Orc:1    | Received a gift from Trog
 16496 | Orc:2    | Found Caiceem's General Store.
 16669 | Orc:2    | Found Quomp's Antique Armour Shoppe.
 16702 | Orc:2    | Found Siowom's Jewellery Emporium.
 16733 | Orc:2    | Killed Maurice
 16907 | Orc:2    | Noticed an orc warlord
 16924 | Orc:2    | Killed an orc warlord
 16928 | Orc:2    | Found a staircase to the Elven Halls.
 16971 | Orc:2    | Found Etseucag's Antique Weapon Shop.
 17105 | Orc:2    | Noticed Nessos
 17115 | Orc:2    | Killed Nessos
 17210 | D:13     | Noticed Snorg
 17220 | D:12     | Killed Snorg
 17553 | D:13     | Noticed Kirke
 17569 | D:13     | Killed Kirke
 17621 | D:13     | Found Hadis's Distillery.
 17693 | D:13     | Noticed Jorgrun
 17701 | D:13     | Killed Jorgrun
 17702 | D:13     | Reached skill level 5 in Stealth
 17950 | D:14     | Found a transporter.
 17956 | D:14     | Noticed Uqorphet's ghost (journeyman DECj)
 18010 | D:14     | Received a gift from Trog
 18044 | D:14     | Found a gate to the Vaults.
 18091 | D:14     | Found Liucat's Jewellery Boutique.
 18280 | D:14     | Found a transporter.
 18810 | D:14     | Identified Roxanne's Tome of the Geologist
 18810 | D:14     | Noticed Roxanne
 18923 | D:14     | Noticed a tentacled starspawn
 19124 | D:15     | Entered Level 15 of the Dungeon
 19217 | D:15     | Reached XP level 16. HP: 101/108 MP: 16/16
 19427 | D:15     | Found a broken altar of Ashenzari.
 19479 | D:15     | Received a gift from Trog
 19983 | D:15     | Reached skill level 10 in Armour
 20368 | D:15     | Found a staircase to the Depths.
 20721 | Spider:1 | Entered Level 1 of the Spider Nest
 20860 | Spider:1 | Identified the +5 ring mail "Pavauw" {Fly rC- MP+9 Dex-5}
 21014 | Spider:1 | Noticed Frances
 21017 | Spider:1 | Noticed Nikola
 21025 | Spider:1 | Killed Frances
 21037 | Spider:1 | Killed Nikola
 21388 | Spider:1 | Received a gift from Trog
 21906 | Spider:2 | Reached skill level 10 in Stealth
 22849 | Spider:3 | Noticed Louise
 22879 | Spider:3 | Killed Louise
 22971 | Spider:3 | Noticed Arachne
 22993 | Spider:3 | Killed Arachne
 22994 | Spider:3 | Reached XP level 17. HP: 107/113 MP: 17/17
 23207 | Spider:3 | Noticed Aizul
 23231 | Spider:3 | Killed Aizul
 23401 | Spider:3 | Reached skill level 1 in Throwing
 23632 | Spider:3 | Identified the +4 hand axe of the Pit {heavy, rN+} (Trog
                  | gifted it to you on level 3 of the Spider Nest)
 23632 | Spider:3 | Received a gift from Trog
 24242 | Swamp:1  | Entered Level 1 of the Swamp
 24449 | Swamp:1  | Found a transporter.
 24452 | Swamp:1  | Noticed Exa Ohi's ghost (adept DjCj)
 24452 | Swamp:1  | Noticed a tentacled monstrosity
 24453 | Swamp:1  | Found a transporter.
 24454 | Swamp:1  | Noticed a tentacled monstrosity
 25875 | Swamp:3  | Reached skill level 5 in Throwing
 26641 | Swamp:4  | Entered Level 4 of the Swamp
 27096 | Swamp:4  | Received a gift from Trog
 27324 | Swamp:3  | Reached XP level 18. HP: 101/124 MP: 18/18
 27655 | Swamp:4  | Got a decaying rune of Zot
 28592 | Spider:4 | Entered Level 4 of the Spider Nest
 28768 | Spider:4 | Received a gift from Trog
 30140 | Spider:4 | Reached skill level 10 in Throwing
 30455 | Spider:4 | Received a gift from Trog
 30672 | Spider:4 | Got a gossamer rune of Zot
 31309 | Elf:1    | Entered Level 1 of the Elven Halls
 31424 | Elf:1    | Reached XP level 19. HP: 121/133 MP: 19/19
 31493 | Elf:1    | Found Cirarr's Assorted Antiques.
 31505 | Elf:1    | Bought a pair of embroidered boots for 202 gold pieces
 31902 | Elf:1    | Found The Oracle's Delphic Readings.
 32707 | Elf:2    | Found a portal to a secret trove of treasure.
 32786 | Elf:2    | Found a runed translucent gate.
 32789 | Elf:2    | Found a runed translucent gate.
 32857 | Elf:2    | Found a crumbling gateway.
 32862 | Desolati | Entered the Desolation of Salt
 33026 | Desolati | Received a gift from Trog
 33138 | Desolati | Reached skill level 15 in Armour
 33216 | Desolati | Found the +3 robe of Clouds {*Thunder rCloud rElec}
 33228 | Desolati | Identified the +3 whip of Evolution {antimagic, Str+2
                  | Int+2}
 33285 | Desolati | Found the +2 hood of the Assassin {Detect Stab+ Stlth++}
 33327 | Desolati | Identified the ring of Wuvoumid {Will+ MP+9 Int+2}
 33510 | Desolati | Identified the +4 sling "Dragon's Tongue" {flame, rPois}
 33574 | Desolati | Found the +15 Maxwell's patent armour {-Cast -Tele rElec
                  | Will+ rCorr}
 33604 | Desolati | Identified the +1 leather armour "Damnable Contraption"
                  | {rN+ MP+9}
 33625 | Desolati | Identified the +2 dagger "Xapny" {heavy, rC- rN++ rCorr
                  | SInv}
 33637 | Desolati | Identified the +2 hand axe "Gaafis" {venom, Fly rF+ rC+}
 33677 | Desolati | Found the +3 greatsling "Punk" {acid, rCorr}
 33931 | Desolati | Identified the +0 ring mail of Fuesef {rN+ Str-5 Dex+3}
 33947 | Desolati | Received a gift from Trog
 34293 | Elf:2    | You paid a toll of 14 scrolls of teleportation to enter a
                  | treasure trove
 34294 | Trove    | Entered a treasure trove
 34296 | Trove    | Identified the +0 tower shield of Resonance {Dex+3}
 34302 | Trove    | Identified the +1 hat "Duoss" {rN+++ Will+ rCorr Int-4}
 34303 | Trove    | Identified the +0 hat of Sunlight {Int+4 Stlth+}
 34314 | Trove    | Identified the ring "Xolakkia" {rCorr Str+3 Int+3 SInv}
 34328 | Trove    | Identified the ring of Qoufetuu {Will+ Slay+2 SInv}
 34334 | Trove    | Identified the ring of Kitzuc {rCorr MP+9 AC+4}
 34421 | Elf:2    | Found a runed translucent gate.
 35452 | Elf:3    | Entered Level 3 of the Elven Halls
 35525 | Elf:3    | Found Vaegetu's Distillery.
 35578 | Elf:3    | Reached XP level 20. HP: 136/139 MP: 20/20
 35679 | Elf:3    | Found a frozen archway.
 35708 | IceCv    | Entered an ice cave
 35760 | IceCv    | Received a gift from Trog
 36969 | Elf:3    | Found Veotan's Vocational Training.
 36975 | Elf:3    | Paralysed by an air elemental for 1 turns
 36986 | Elf:3    | Bought a manual of Evocations for 1440 gold pieces
 37297 | Elf:3    | Noticed a Tzitzimitl
 37691 | Elf:3    | Reached skill level 15 in Evocations
 37870 | Elf:3    | Noticed a Brimstone Fiend
 37948 | Elf:2    | Received a gift from Trog
 38095 | Elf:3    | Identified the +11 mace "Tujeveme" {flame, rC+ Will+ MP+9}
 38628 | Abyss:2  | Cast into level 2 of the Abyss (a deep elf demonologist)
 38681 | Elf:3    | Escaped the Abyss
 38995 | Elf:3    | Identified the ring "Ifoehys" {Fire rN+ rCorr Str+2}
 39284 | Elf:3    | Identified the +7 broad axe "Noemedosof" {drain, rF+ Dex+3
                  | SInv}
 39320 | Elf:3    | Identified the ring of Vikuuz {rCorr Int+4}
 39346 | Elf:3    | Identified the +1 glaive "Hiallam" {heavy, rF+ rC++ rCorr
                  | Str-4} (Trog gifted it to you on level 3 of the Elven
                  | Halls)
 39346 | Elf:3    | Received a gift from Trog
 39435 | Elf:3    | Identified the staff of air "Noxkac" {rElec Int+2}
 40150 | Vaults:1 | Entered Level 1 of the Vaults
 40400 | Swamp:1  | Killed Exa Ohi's ghost
 40922 | D:14     | Reached XP level 21. HP: 77/144 MP: 21/21
 41996 | Vaults:1 | Received a gift from Trog
 43803 | Vaults:1 | Received a gift from Trog
 44159 | Vaults:2 | Found a staircase to the Crypt.
 45117 | Vaults:2 | Reached skill level 10 in Dodging
 45609 | Vaults:2 | Received a gift from Trog
 45872 | Vaults:3 | You are sucked into a shaft and drop 1 floor!
 46116 | Vaults:4 | Found Xacs's Weapon Emporium.
 46152 | Vaults:4 | Reached XP level 22. HP: 115/153 MP: 22/22
 46394 | Vaults:4 | Found a flickering gateway to a bazaar.
 46418 | Bazaar   | Entered a bazaar
 46418 | Bazaar   | Found Maeh's Armour Shoppe.
 46418 | Bazaar   | Found Iferr's Armour Emporium.
 46418 | Bazaar   | Found Qoug's Book Emporium.
 46418 | Bazaar   | Found Onteunke's Distillery.
 46448 | Bazaar   | Bought a potion of heal wounds for 55 gold pieces
 46448 | Bazaar   | Bought a potion of curing for 33 gold pieces
 46448 | Bazaar   | Bought a potion of ambrosia for 88 gold pieces
 46448 | Bazaar   | Bought a potion of might for 44 gold pieces
 46448 | Bazaar   | Bought a potion of attraction for 33 gold pieces
 46448 | Bazaar   | Bought a potion of haste for 110 gold pieces
 46448 | Bazaar   | Bought a potion of berserk rage for 55 gold pieces
 46460 | Bazaar   | Bought the +4 pair of gloves of Zaerupuo {rPois Int+8
                  | Stlth-} for 511 gold pieces
 47155 | Vaults:3 | Found Xamiwneca's Weapon Shop.
 47649 | Vaults:3 | Received a gift from Trog
 47710 | Vaults:3 | Identified the +5 hand axe of Tentacled Exoneration
                  | {freeze, rC+ Will+ Dex-4 SInv}
 48029 | Vaults:3 | Found a transporter.
 48044 | Vaults:3 | Found a transporter.
 48288 | Vaults:4 | Noticed Sojobo
 48290 | Vaults:4 | Paralysed by an air elemental for 1 turns
 48293 | Vaults:4 | Paralysed by an air elemental for 1 turns
 48296 | Vaults:4 | Paralysed by an air elemental for 1 turns
 48300 | Vaults:4 | Paralysed by an air elemental for 1 turns
 48318 | Vaults:4 | Paralysed by an air elemental for 1 turns
 48324 | Vaults:4 | Killed Sojobo
 48758 | Vaults:4 | Identified the +6 scale mail of Twilight {Dex+3}
 49675 | Depths:1 | Entered Level 1 of the Depths
 50040 | Depths:1 | Received a gift from Trog
 50116 | Depths:1 | Found a runed translucent gate.
 50117 | Depths:1 | Found a runed translucent gate.
 50122 | Depths:1 | Found a runed translucent gate.
 50124 | Depths:1 | Noticed Kabe's ghost (veteran BaIE)
 50124 | Depths:1 | Noticed Lemeg's ghost (adept TrMo)
 50124 | Depths:1 | Noticed Himmaryad's ghost (adept TrMo)
 50664 | Depths:1 | Found a gateway to Hell.
 51399 | Depths:2 | Noticed a golden dragon
 51485 | Depths:2 | Killed a golden dragon
 51555 | Depths:2 | Found Xaroet's Antique Weapon Boutique.
 51687 | Depths:2 | Found a large runed translucent door.
 51718 | Depths:2 | Found a large runed translucent door.
 51729 | Depths:2 | Found Ganaxap's Distillery.
 51731 | Depths:2 | Found Rutah's Assorted Antiques.
 51733 | Depths:2 | Found Athrots's Magic Scroll Emporium.
 51793 | Depths:2 | Reached XP level 23. HP: 148/160 MP: 23/23
 52050 | Depths:2 | Received a gift from Trog
 52095 | Depths:2 | Bought a potion of haste for 170 gold pieces
 52099 | Depths:2 | Found a one-way gate leading to the halls of Pandemonium.
 52120 | Depths:2 | Bought a potion of resistance for 170 gold pieces
 52228 | Depths:2 | Found a blossoming altar of Fedhas.
 52883 | Depths:3 | Found Waucwek's Jewellery Boutique.
 53007 | Depths:3 | Bought the ring "Pulutus" {rElec rN+ Will+++ Str+5 Dex-2}
                  | for 1092 gold pieces
 53007 | Depths:3 | Bought a ring of protection from cold for 400 gold pieces
 53049 | Depths:3 | Found a one-way gateway to a ziggurat.
 53247 | Depths:3 | Found Herghoi Ciss's Antique Armour Emporium.
 54272 | Depths:3 | Found Qony's Assorted Antiques.
 54780 | Depths:3 | Noticed a royal mummy
 55518 | Depths:3 | Killed a royal mummy
 55703 | Depths:3 | Received a gift from Trog
 55822 | Depths:4 | Entered Level 4 of the Depths
 56265 | Depths:4 | Found a gate to the Realm of Zot.
 56588 | Depths:4 | Found a stormy altar of Qazlal.
 57558 | Vaults:5 | Entered Level 5 of the Vaults
 57592 | Vaults:4 | Received a gift from Trog
 57911 | Vaults:5 | Noticed a dread lich
 57911 | Vaults:5 | Noticed an ancient lich
 58084 | Vaults:5 | Noticed a golden dragon
 58107 | Vaults:4 | Killed a dread lich
 58543 | Vaults:4 | Killed an ancient lich
 58637 | Vaults:4 | Reached XP level 24. HP: 63/169 MP: 23/23
 60073 | Vaults:5 | Received a gift from Trog
 60170 | Vaults:5 | Got a silver rune of Zot
 60450 | Vaults:5 | Identified the +2 leather armour of Pessimism {rF+ Dex+3}
 60661 | Vaults:5 | Identified the +4 flail of the Tundras {flame, Str+2}
 60889 | Vaults:5 | Found the +5 demon whip "Spellbinder" {antimagic, disrupt,
                  | Will+}
 61116 | Vaults:5 | Received a gift from Trog
 61203 | Vaults:5 | Identified the ring of the Wild Haggis {Fly rF+}
 61988 | Vaults:5 | Acquired 1059 gold pieces
 62009 | Vaults:5 | Identified the +0 cloak of Limited Liability {Rampage rElec
                  | rCorr Dex+2}
 62215 | Vaults:5 | Acquired the amulet of Xom's Ringing Laughter {Spirit rPois
                  | rF+++ rCorr Stlth+}
 62753 | Depths:2 | Bought a scroll of blinking for 157 gold pieces
 62992 | D:13     | Bought a potion of haste for 140 gold pieces
 62992 | D:13     | Bought a potion of haste for 140 gold pieces
 63143 | Elf:3    | Bought a potion of haste for 190 gold pieces
 63143 | Elf:3    | Bought a potion of haste for 190 gold pieces
 63413 | Zot:1    | Entered Level 1 of the Realm of Zot
 64190 | Zot:1    | Received a gift from Trog
 64660 | Zot:1    | Reached XP level 25. HP: 175/175 MP: 23/23
 65333 | Zot:4    | Noticed Parghit
 65347 | Zot:4    | Killed Parghit
 65595 | Zot:3    | Received a gift from Trog
 65690 | Zot:5    | Entered Level 5 of the Realm of Zot
 67019 | Zot:5    | Noticed a Killer Klown
 67099 | Zot:5    | Noticed a dread lich
 67103 | Zot:5    | Noticed a Killer Klown
 67103 | Zot:5    | Noticed a Killer Klown
 67103 | Zot:5    | Noticed a Killer Klown
 67103 | Zot:5    | Noticed a Killer Klown
 67103 | Zot:5    | Noticed an orb of fire
 67104 | Zot:5    | Noticed an orb of fire
 67104 | Zot:5    | Gained mutation: You are somewhat resistant to further
                  | mutation. [an orb of fire]
 67116 | Zot:5    | Noticed a Killer Klown
 67120 | Zot:5    | Noticed an ancient lich
 67133 | Zot:5    | Noticed a dread lich
 67138 | Zot:5    | Noticed a dread lich
 67138 | Zot:5    | Noticed a dread lich
 67138 | Zot:5    | Identified the +7 hand axe of Mut Ulig {heavy, Drain rElec
                  | rF+++ Int+5}
 67353 | Zot:5    | Killed a Killer Klown
 67647 | Zot:4    | Killed a dread lich
 67768 | Zot:5    | Killed a Killer Klown
 67920 | Zot:5    | Noticed a Killer Klown
 67925 | Zot:5    | Killed an orb of fire
 67978 | Zot:4    | Killed a Killer Klown
 67995 | Zot:4    | Killed a dread lich
 68353 | Zot:5    | Noticed a Killer Klown
 68376 | Zot:5    | Killed a Killer Klown
 68432 | Zot:5    | Noticed a Killer Klown
 68464 | Zot:5    | Killed a Killer Klown
 68604 | Zot:5    | Killed a dread lich
 68604 | Zot:5    | Received a gift from Trog
 68608 | Zot:5    | Noticed a Killer Klown
 68624 | Zot:5    | Noticed an orb of fire
 68644 | Zot:5    | Killed a Killer Klown
 68645 | Zot:5    | Reached XP level 26. HP: 117/184 MP: 1/23
 68728 | Zot:4    | Gained mutation: Potions are less effective at restoring
                  | your health. [mutagenic glow]
 69509 | Zot:5    | Killed a Killer Klown
 69671 | Zot:5    | Killed a Killer Klown
 69709 | Zot:5    | Gained mutation: Your spells are a little easier to cast,
                  | but a little less powerful. [an orb of fire]
 69725 | Zot:5    | Killed an orb of fire
 69735 | Zot:5    | Killed a dread lich
 69756 | Zot:5    | Reached skill level 15 in Dodging
 70059 | Zot:5    | Killed an ancient lich
 70183 | Zot:5    | Got the Orb of Zot
 70594 | Depths:4 | Noticed Qaaclema the pandemonium lord
 70914 | D:12     | Noticed a seraph
 71291 | D:$      | Escaped with the Orb!

Illustrated notes

Levels and vault maps discovered:
D:1:      dpeg_arrival_solitude, layout_basic
D:2:      layout_rooms, basic_altar, minmay_misc_feat_hallway,
          kennysheep_big_empty_room
D:3:      layout_loops_ring, dreamdust_princess_bridge
D:4:      layout_loops_ring, mainiacjoe_overflow_boulevard,
          gammafunk_temple_overflow_statue, uniq_eustachio
D:5:      layout_basic, serial_bayou_ford_a
D:6:      layout_loops_ring, temple_doors_e, kennysheep_path_1
D:7:      layout_loops_ring, mainiacjoe_overflow_alcove_4,
          nicolae_ossuary_entry_catacombs
D:8:      minmay_imperfect_grid, layout_loops_corners,
          hangedman_abyss_or_decor_lesser_grid, nrook_loot_triangle,
          minmay_misc_feat_room
D:9:      layout_rooms, uniq_amaemon, uniq_joseph, uniq_harold
D:10:     wad_statue_garden, layout_irregular_city,
          grunt_lair_entry_orc_guard_hut, david_defended_altar_orc
D:11:     layout_loops_ring, minmay_hollow_rounded_squares
D:12:     layout_gridville, orc_0_dummy, kennysheep_generic_room_5
D:13:     layout_gridville, serial_shops, shop, ebering_dispersal_statue_hall,
          chequers_serial_rivers_small_b, uniq_snorg, uniq_jorgrun, uniq_kirke
D:14:     layout_grid_maze, david_vaults_4, hangedman_abyss_or_decor_stagger,
          gammafunk_ghost_abyssal_escape, serial_shops, shop, grunt_decor_cap,
          uniq_roxanne
D:15:     grunt_enter_depths_snipers, layout_small_grid,
          nicolae_ashenzari_skybound, minivault_8
Lair:1:   layout_cave_pods, cheibrodos_lair_lostbears
Lair:2:   layout_long_grid, minmay_swamp_entry_worms,
          spider_nest_entry_web_field
Lair:3:   layout_chaotic_city
Lair:4:   gammafunk_cloud_chamber, layout_gridlike, grunt_megastairs_2
Lair:5:   hellmonk_lair_end_abyssal_woods, layout_cave_shapes,
          minmay_slime_entry_oklob_enclosed, gammafunk_lair_bear_cave,
          infiniplex_staircase_pool, uniq_josephine
Swamp:1:  layout_basic_swamp, gammafunk_ghost_arena, serial_swamp_ruin,
          evilmike_swamp_ruin_house_4, evilmike_swamp_ruin_house_3,
          evilmike_swamp_ruin_wall
Swamp:2:  layout_basic_swamp, hangedman_swamp_ruin_wall
Swamp:3:  layout_basic_swamp, nicolae_swamp_trees_clearing, swamp_pool1
Swamp:4:  swamp_alternative, layout_basic_swamp, nicolae_swamp_snake_nest
Spider:1: layout_spider_delve, hangedman_spider_tarantella_strand, uniq_nikola,
          uniq_frances
Spider:2: layout_spider_delve, hellmonk_test_site
Spider:3: layout_chambers, drop_trap, uniq_louise, uniq_aizul, uniq_arachne
Spider:4: hellmonk_spider_rune_endless_swarm,
          nicolae_spider_some_kinda_spiderbox
Orc:1:    layout_caves
Orc:2:    grunt_orc_gardens, layout_diamond_mine, grunt_orc_garden,
          grunt_orc_garden, grunt_orc_garden, grunt_orc_garden, uniq_azrael,
          uniq_nessos, uniq_maurice
Elf:1:    layout_loops_corners, serial_shops, shop, minmay_elf_crystal_heptagon,
          nicolae_nh_oracle_at_delphi
Elf:2:    nicolae_elf_blades_splatter_lattice
          [nicolae_blade_entry_floor_patterns], layout_onion_city,
          portal_desolation_entry_ruin, enter_trove_2, minivault_25
Elf:3:    minmay_elf_hall_spiked, layout_gridlike, portal_ice_cave_entry_dragon,
          serial_shops, nicolae_shop_rolling_square, nicolae_shop_vocational
Vaults:1: hangedman_vaults_stitches, nicolae_vaults_offset_grid_hallway_2,
          v_rooms_4, vaults_room_fours, ontoclasm_vaults_chip, v_misc_1,
          hangedman_vaults_restitches, ontoclasm_vaults_misaligned,
          nicolae_vaults_tetromino_L_2, nicolae_vaults_trapezoid_lopsided_1,
          layout_vaults_ring
Vaults:2: nicolae_vaults_sightless_eye, minmay_crypt_entry_simple_corners,
          nicolae_vaults_meiosis, nicolae_vaults_offset_grid_hallway_3,
          v_misc_26, v_misc_30, nicolae_vaults_tangram_1,
          ontoclasm_vaults_fault, nicolae_vaults_closet_pinwheel_2,
          ontoclasm_vaults_ring_large, nicolae_vaults_surprise_closet_hard,
          nicolae_vaults_double_plus_1, layout_vaults_big_room
Vaults:3: nicolae_vaults_trapezoid_lopsided_4, ontoclasm_vaults_tryst,
          v_misc_26, v_pattern_3, vaults_room_stairs_pillars,
          gammafunk_sealed_arena, vaults_room_octagon, vaults_mumra_lcd,
          nicolae_vaults_border_crossing, layout_vaults_omnicross, serial_shops,
          nicolae_shop_crystal
Vaults:4: vaults_room_large_hall, v_misc_9, vaults_room_mumra_shop_pool,
          v_misc_24, nicolae_vaults_sesquioval_fish,
          nicolae_vaults_angled_halls, nicolae_vaults_tetromino_T_2,
          nicolae_vaults_diamond_1, layout_vaults_quadrants, serial_shops,
          bzr_entry_customers, uniq_sojobo
Vaults:5
Depths:1: layout_roguey, gammafunk_ghost_cemetery, minmay_misc_feat_tiny,
          hell_entry, dpeg_stationary_puzzle
Depths:2: lightli_eight_chambers, layout_small_grid, pan_entry,
          hangedman_geh_valley, serial_shops, shop, minmay_misc_feat_ornament,
          fedhas_altar_3, minmay_shop_star
Depths:3: lemuel_minitomb, layout_basic, enter_ziggurat_f,
          nicolae_abyss_entry_one_way_or_another, serial_shops,
          kennysheep_mini_moat, nicolae_shop_just_a_little_nook, shop,
          hell_entry, roderic_roman_lattice, lemuel_flamethrower_1
Depths:4: grunt_zot_entry_pinwheel, layout_twisted_cross, grunt_qazlal_clouds,
          grunt_hell_entry_dis_old, grunt_pan_entry_spiral
Zot:1:    kennysheep_room_grid, layout_gridlike
Zot:2:    ebering_greatest_show_in_zot, layout_cathedral_of_symmetry
Zot:3:    layout_gridlike, uniq_tiamat
Zot:4:    layout_onion, uniq_parghit
Zot:5:    layout_basic

Skill      XL: |  1  2  3  4  5  6  7  8  9 10 11 12 13 14 15 16 17 18 19 20 21 22 23 24 25 26 |
---------------+-------------------------------------------------------------------------------+-----
Dodging        | 2 3 4 7 9 10 11 12 13 14 15 | 15.2
Fighting       | 4 5 6 10 15 17 19 20 21 22 23 24 | 24.4
Armour         | 3 4 5 6 9 11 12 17 19 20 21 22 23 24 | 24.0
Maces & Flails | 4 5 6 10 13 15 16 17 18 20 21 | 21.0
Evocations     | 9 13 14 17 18 | 18.2
Stealth        | 7 10 11 | 11.0
Throwing       | 7 10 | 10.4

Action                     |  1- 3 |  4- 6 |  7- 9 | 10-12 | 13-15 | 16-18 | 19-21 | 22-24 | 25-27 || total
---------------------------+-------+-------+-------+-------+-------+-------+-------+-------+-------++-------
  Melee: Mace              |    93 |    95 |   161 |       |       |       |       |       |       ||   349
         Punch             |       |     1 |     2 |     2 |       |       |       |       |     7 ||    12
         Flail             |       |       |   127 |   293 |       |       |       |       |       ||   420
         Dire flail        |       |       |       |   111 |   961 |  1635 |  1966 |  1765 |       ||  6438
         Great mace        |       |       |       |       |       |       |       |   284 |   465 ||   749
         Demon whip        |       |       |       |       |       |       |       |       |   243 ||   243
         Unarmed           |       |       |       |       |       |       |       |       |     1 ||     1
  Throw: Dart              |     4 |       |       |       |       |       |       |       |       ||     4
         Javelin           |       |       |       |       |       |    27 |     3 |     2 |       ||    32
 Invoke: Berserk           |     1 |     1 |       |     2 |     2 |     1 |       |       |       ||     7
         Trog's Hand       |       |       |       |     1 |     1 |     2 |     2 |     1 |     3 ||    10
         Brothers in Arms  |       |       |       |       |     3 |       |     1 |     2 |     2 ||     8
  Evoke: Wand              |       |       |       |       |     2 |     3 |    13 |     8 |     6 ||    32
         Phial of floods   |       |       |       |       |       |     1 |     1 |       |       ||     2
         Lightning rod     |       |       |       |       |       |     7 |     7 |     8 |       ||    22
         Tin of tremorston |       |       |       |       |       |       |       |     5 |       ||     5
         Phantom mirror    |       |       |       |       |       |       |       |     1 |     2 ||     3
    Use: Scroll            |       |       |    17 |     6 |     7 |    10 |     9 |    13 |    13 ||    75
         Potion            |       |       |       |       |       |     1 |       |     3 |    19 ||    23
   Stab: Distracted        |       |       |       |       |     2 |     1 |       |       |     4 ||     7
         Paralysed         |       |       |       |       |     2 |       |       |       |       ||     2
         Sleeping          |       |       |       |       |       |     7 |       |       |       ||     7
         Confused          |       |       |       |       |       |     1 |       |       |     1 ||     2
 Armour: Animal skin       |     3 |       |       |       |       |       |       |       |       ||     3
         Ring mail         |    27 |    15 |       |       |       |       |       |       |       ||    42
         Chain mail        |       |    57 |   193 |   259 |   524 |   631 |       |       |       ||  1664
         Crystal plate arm |       |       |       |       |       |    11 |   859 |  1719 |   689 ||  3278
  Dodge: Dodged            |    51 |    65 |   148 |   191 |   470 |  1423 |  1276 |  1268 |   362 ||  5254
  Block: Other             |       |       |       |       |   128 |   294 |   297 |   333 |       ||  1052
         Reflection        |       |       |       |       |    13 |     7 |    10 |     9 |       ||    39
